 Dungeon Crawl Stone Soup version 0.21-a0-437-ge5bf024 (webtiles) character file.

97 Ijustatesigmund the Sneak (level 4, -2/30 HPs)
             Began as an Octopode Enchanter on Nov 9, 2017.
             Slain by tof's ghost (7 damage)
             ... on level 3 of the Dungeon.
             The game lasted 00:06:13 (2507 turns).

Ijustatesigmund the Sneak (Octopode Enchanter)      Turns: 2507, Time: 00:06:14

Health: -2/30      AC:  1    Str:  7    XL:     4   Next: 68%
Magic:  7/7        EV: 13    Int: 17    God:
Gold:   203        SH:  0    Dex: 13    Spells: 4/7 levels left

rFire    . . .     SeeInvis +   a - +1 dagger
rCold    . . .     Gourm    .   (no shield)
rNeg     . . .     Faith    .   (helmet restricted)
rPois    .         Spirit   .   (no amulet)
rElec    .         Reflect  .   l - ring of see invisible
rCorr    .         Harm     .   (no ring)
MR       .....                  (no ring)
Stlth    +++.......             (no ring)
HPRegen  0.10/turn              (no ring)
MPRegen  0.10/turn              (no ring)
                                (no ring)
                                (no ring)

@: no status effects
A: almost no armour, stealthy swim, amphibious, 8 rings, constrict 8, camouflage
1, gelatinous body 1
a: no special abilities


You were on level 3 of the Dungeon.
You were not hungry.

You visited 1 branch of the dungeon, and saw 3 of its levels.

You collected 203 gold pieces.

Inventory:

Hand Weapons
 a - a +1 dagger (weapon)
Missiles
 n - a javelin (quivered)
Armour
 k - a +0 buckler
Jewellery
 l - a ring of see invisible (left tentacle)
Wands
 g - a wand of random effects (40/48)
Scrolls
 i - a scroll of fog
 m - a scroll of remove curse
 o - a scroll of identify
Potions
 e - 2 potions of curing
 h - a potion of cancellation {unknown}
 j - a potion of ambrosia
Books
 b - a book of Maledictions

   Spells                             Type                      Level
   a - Corona                         Hexes                        1
   b - Ensorcelled Hibernation        Hexes/Ice                    2
   c - Confuse                        Hexes                        3
   d - Tukima's Dance                 Hexes                        3
   e - Dazzling Spray                 Conjuration/Hexes            3
Comestibles
 c - a bread ration
 d - 3 royal jellies
 f - 5 fruits


   Skills:
 + Level 2.6 Fighting
 + Level 2.3 Short Blades
 - Level 2.0 Dodging
 - Level 4.0 Stealth
 + Level 1.0 Shields
 - Level 2.0 Spellcasting
 - Level 3.0 Hexes
 + Level 1.4 Ice Magic


You had 4 spell levels left.
You knew the following spells:

 Your Spells              Type           Power        Failure   Level  Hunger
a - Corona                Hex            ##.....      5%          1    #......
b - Ensorcelled Hibernat  Hex/Ice        #.....       12%         2    ###....


Dungeon Overview and Level Annotations

Branches:
Dungeon (3/15)

Altars:
Dithmenos
Gozag
Ru
Uskayaw

Annotations:
D:3 tof's ghost, amateur MiMo


Innate Abilities, Weirdness & Mutations

You cannot wear most types of armour.
You are very stealthy in the water. (Stealth+)
You are amphibious.
You can wear up to eight rings at the same time.
You can use your tentacles to constrict eight enemies at once.
Your skin changes colour to match your surroundings (Stealth+).
Your rubbery body absorbs attacks. (AC +1, EV +1)


Message History

Aim: tof's ghost (moderately damaged)
You throw a javelin. The javelin hits tof's ghost.
Tof's ghost is moderately damaged.
Throwing (i - inventory):
n - 2 javelins (quivered)
Press: ? - help, Shift-Dir - straight line, f/p - tof's ghost
Aim: tof's ghost (moderately damaged)
You throw a javelin. The javelin barely misses tof's ghost.
Tof's ghost hits you!
Okay, then.
You hit tof's ghost.
Tof's ghost is moderately damaged.
Tof's ghost hits you!
You barely miss tof's ghost.
Tof's ghost is moderately damaged.
Tof's ghost hits you!
* * * LOW HITPOINT WARNING * * *
You miss tof's ghost.
Tof's ghost is moderately damaged.
Tof's ghost hits you!
You die...

#..# #.....# #.# #..# #..#
#####(# #.### #>.# ###..#
#.# ..# #..# ..#..#### #(#
#.# #..# ........# #.#
###.### #..#
#.#..##.########(# #.....#
#.##
#.#..##.......##.###)....#
#..#
#.#..##.#####.##W........#
#..# .....##.#
#.##@........#####...
#.##.##.#
#....................
........#
#.#####.##.....###...
#.#####.#####.#
#.##.)'#######'
#)##.##.......#
#.....#...#...#
#.#.#......####
###...#...#...#
#....####### #..##.......#
###### #..####._.###
#..##.......#


You could see tof's ghost.

Vanquished Creatures
  An orc wizard (D:3)
  An adder (D:3)
  An ooze (D:2)
  2 worms (D:3)
  2 dart slugs
  A leopard gecko (D:3)
  A ball python (D:2)
  A giant cockroach (D:3)
  7 hobgoblins
  2 jackals (D:2)
  5 kobolds
  3 quokkas
  4 bats
  5 frilled lizards
  5 goblins (D:2)
  9 rats
50 creatures vanquished.

Notes
Turn   | Place    | Note
-------+----------+-------------------------------------------
     0 | D:1      | Ijustatesigmund the Octopode Enchanter began the quest for the Orb.
     0 | D:1      | Reached XP level 1. HP: 11/11 MP: 3/3
   284 | D:1      | Reached skill level 1 in Fighting
   785 | D:2      | Reached XP level 2. HP: 18/18 MP: 5/5
   932 | D:1      | Learned a level 2 spell: Ensorcelled Hibernation
  1213 | D:2      | Found an opulent altar of Gozag.
  1438 | D:2      | Reached XP level 3. HP: 22/24 MP: 6/6
  1453 | D:2      | Found a hide-covered altar of Uskayaw.
  1516 | D:2      | Found a shadowy altar of Dithmenos.
  1755 | D:3      | Found a sacrificial altar of Ru.
  1761 | D:3      | Reached skill level 1 in Ice Magic
  1767 | D:3      | Reached XP level 4. HP: 2/30 MP: 2/7
  1952 | D:3      | Noticed tof's ghost (amateur MiMo)
  2105 | D:3      | Reached skill level 1 in Shields
  2507 | D:3      | Slain by tof's ghost

Vault maps used:
D:1:      dpeg_arrival_windows_large_door
D:2:      grunt_dithmenos_smoke_and_mirrors, lemuel_round_altar,
          lemuel_crystal_altar
D:3:      lemuel_coloured_pillars_altar, nicolae_ru_great_annihilating_truth

Skill      XL: |  1  2  3  4 |
---------------+-------------+-----
Fighting       | 1 2 |  2.6
Short Blades   | 2 |  2.3
Ice Magic      | 1 |  1.4
Shields        | 1 |  1.0
Dodging        | |  2.0
Stealth        | |  4.0
Spellcasting   | |  2.0
Hexes          | |  3.0

Action                   |  1- 3 |  4- 6 || total
-------------------------+-------+-------++-------
Melee: Dagger            |    70 |    32 ||   102
       Constrict         |    16 |     9 ||    25
       Tentacles         |     8 |     6 ||    14
Throw: Javelin           |       |     5 ||     5
 Cast: Ensorcelled Hiber |     4 |       ||     4
Evoke: Wand              |       |     4 ||     4
  Use: Scroll            |     5 |     3 ||     8
       Potion            |       |     1 ||     1
 Stab: Sleeping          |    15 |     2 ||    17
       Invisible         |     1 |       ||     1
  Eat: Chunk             |     2 |     3 ||     5
Armor: Skin              |     5 |     1 ||     6
Dodge: Dodged            |    33 |    20 ||    53

Table legend:
 A = Spawn XP
 B = Non-spawn XP
 C = Spawn XP percentage of total XP
 D = Spawn monster count
 E = Non-spawn monster count
 F = Spawn count percentage of total count
 G = Total turns spent on level
                    A         B        C        D         E        F      G
               +---------+---------+-------+---------+---------+-------+---------
         Total |       0 |     139 |   0.0 |       0 |      50 |   0.0 |  2507
               +---------+---------+-------+---------+---------+-------+---------
           D:1 |       0 |       9 |   0.0 |       0 |       7 |   0.0 |  1046
           D:2 |       0 |      49 |   0.0 |       0 |      26 |   0.0 |   740
           D:3 |       0 |      81 |   0.0 |       0 |      17 |   0.0 |   721
               +---------+---------+-------+---------+---------+-------+---------
